 Dungeon Crawl Stone Soup version 0.19.1 (webtiles) character file.

667 Ice the Vandal (level 7, -7/61 HPs)
             Began as a Minotaur Berserker on Dec 14, 2016.
             Was a Priest of Trog.
             Mangled by a goblin
             ... wielding a +2 dagger of electrocution
             ... led by Robin
              (13 damage)
             ... on level 4 of the Dungeon.
             The game lasted 00:12:54 (3001 turns).

Ice the Vandal (Minotaur Berserker)                 Turns: 3001, Time: 00:12:55

Health: -7/61      AC:  9    Str: 22    XL:     7   Next: 31%
Magic:  6/6        EV: 10    Int:  4    God:    Trog [***...]
Gold:   183        SH:  0    Dex: 11    Spells: 0 memorised, 6 levels left

rFire  . . .     SeeInvis .     w - +0 halberd
rCold  . . .     Gourm    .     H - +0 chain mail
rNeg   . . .     Faith    .     (shield currently unavailable)
rPois  .         Spirit   .     (helmet restricted)
rElec  .         Reflect  .     (no cloak)
rCorr  .         Harm     .     (no gloves)
MR     .....                    m - +0 pair of boots
Stlth  ..........               (no amulet)
                                (no ring)
                                (no ring)

@: no status effects
A: retaliatory headbutt, horns 2
a: Berserk, Trog's Hand, Burn Spellbooks, Renounce Religion


You were on level 4 of the Dungeon.
You worshipped Trog.
Trog was most pleased with you.
You were not hungry.

You visited 1 branch of the dungeon, and saw 4 of its levels.

You collected 183 gold pieces.

Inventory:

Hand Weapons
 h - a +2 hunting sling of flaming
 w - a +0 halberd (weapon)
Missiles
 d - 123 stones (quivered)
 g - 26 arrows
 s - 42 bolts
 x - 26 sling bullets
Armour
 m - a +0 pair of boots (worn)
 H - a +0 chain mail (worn)
Jewellery
 y - an uncursed ring of protection from fire {unknown}
 E - an uncursed ring of protection from magic {unknown}
 G - an uncursed amulet of faith {unknown}
Wands
 r - a wand of acid (7/15)
Scrolls
 a - a scroll of amnesia {unknown}
 b - a scroll of teleportation {unknown}
 j - 4 scrolls of blinking {unknown}
 k - a scroll of magic mapping {unknown}
 l - 2 scrolls of enchant armour {unknown}
 n - 5 scrolls of identify {unknown}
 o - 3 scrolls of remove curse
 p - 3 scrolls of recharging {unknown}
 q - a scroll of fog {unknown}
 C - 3 scrolls of random uselessness {unknown}
Potions
 e - 4 potions of heal wounds {unknown}
 f - a potion of haste {unknown}
 i - a potion of cure mutation {unknown}
 u - a potion of agility {unknown}
 z - 3 potions of curing {unknown}
 A - a potion of magic {unknown}
 B - a potion of mutation {unknown}
Books
 t - a book of Minor Magic

   Spells                             Type                      Level
   a - Magic Dart                     Conjuration                  1
   b - Blink                          Translocation                2
   c - Call Imp                       Summoning                    2
   d - Repel Missiles                 Charms/Air                   2
   e - Slow                           Hexes                        2
   f - Conjure Flame                  Conjuration/Fire             3
   g - Mephitic Cloud                 Conjuration/Poison/Air       3
   Trog disapproves of the use of such an item.
Comestibles
 c - 3 bread rations
 v - 7 chunks of flesh
 D - 2 meat rations


   Skills:
 - Level 5.0 Fighting
   Level 3.6 Maces & Flails
 + Level 6.6 Slings
 - Level 2.4 Armour
 - Level 5.0 Dodging


You had 6 spell levels left.
You didn't know any spells.

Dungeon Overview and Level Annotations

Branches:
Dungeon (4/15)
 Temple: D:4-7

Altars:
The Shining One

Annotations:
D:4 Robin


Innate Abilities, Weirdness & Mutations

You reflexively headbutt those who attack you in melee.
You have a pair of horns on your head.


Message History

The goblin closely misses you.
The goblin hits you with a dagger of electrocution.
You are electrocuted!
You closely miss the goblin.
The goblin is severely wounded.
The goblin misses you.
Robin says, "A pitiful Minotaur like you will never find the ORB!"
The goblin closely misses you.
The goblin hits you but does no damage. x2
You hit the goblin.
You kill the goblin!
Trog accepts your kill. The goblin hits you but does no damage.
The rat zombie bites you but does no damage.
You miss the goblin. Your headbutt misses the goblin.
The goblin is moderately wounded.
The goblin hits you with a dagger of electrocution.
You are electrocuted!
* * * LOW HITPOINT WARNING * * *
The goblin hits you but does no damage.
You are electrocuted!
You die...

Z.g.... .. .(Z.(..###
##.#........... ..(..(....
............... ...(.g(..
#.............. .....g.(.
#.............. ........#
#.............. ........#
##..............
.......g###...............
......ZlZ@g........>......
.......Z###...............
######### #....#####......
###### #...... #......
#...... #...... #......
#######


You could see Robin, a rat zombie, a jackal zombie, a kobold zombie, a goblin
and a frilled lizard.

Vanquished Creatures
  A wyvern (D:3)
  An ogre (D:4)
  A howler monkey (D:4)
  2 orc priests (D:4)
  2 hounds (D:4)
  2 orc wizards (D:4)
  An iguana (D:4)
  The ghost of demenzo the Cudgeler, a weakling TrBe of Trog (D:3)
  5 adders
  4 gnolls (D:2)
  An ooze (D:1)
  3 worms
  5 dart slugs
  A leopard gecko (D:2)
  3 orcs
  3 giant cockroaches
  16 goblins
  8 hobgoblins
  A ball python (D:2)
  6 bats
  6 frilled lizards
  6 kobolds
  8 rats
87 creatures vanquished.

Notes
Turn   | Place    | Note
-------+----------+-------------------------------------------
     0 | D:1      | Ice the Minotaur Berserker began the quest for the Orb.
     0 | D:1      | Reached XP level 1. HP: 19/19 MP: 0/0
   158 | D:1      | Reached XP level 2. HP: 26/26 MP: 1/1
   714 | D:1      | Reached XP level 3. HP: 31/31 MP: 2/2
  1388 | D:2      | Reached ** piety under Trog
  1519 | D:2      | Reached XP level 4. HP: 34/39 MP: 3/3
  1584 | D:2      | Reached skill level 5 in Dodging
  1930 | D:3      | Reached XP level 5. HP: 24/47 MP: 4/4
  2036 | D:3      | Noticed demenzo's ghost (weakling TrBe)
  2039 | D:3      | Reached skill level 5 in Fighting
  2242 | D:3      | Found a faded altar of an unknown god.
  2273 | D:3      | Noticed a wyvern
  2289 | D:3      | Killed demenzo's ghost
  2289 | D:3      | Reached skill level 1 in Slings
  2290 | D:3      | HP: 3/72 [wyvern (15)]
  2292 | D:3      | Killed a wyvern
  2292 | D:3      | Reached skill level 4 in Slings
  2292 | D:3      | Reached XP level 6. HP: 4/56 MP: 5/5
  2776 | D:4      | Found a glowing golden altar of the Shining One.
  2835 | D:4      | Reached skill level 5 in Slings
  2930 | D:4      | Reached XP level 7. HP: 44/61 MP: 6/6
  2972 | D:4      | Reached skill level 6 in Slings
  2977 | D:4      | Noticed Robin
  2985 | D:4      | Reached *** piety under Trog
  3001 | D:4      | Mangled by a goblin

Skill      XL: |  1  2  3  4  5  6  7 |
---------------+----------------------+-----
Dodging        | 3 4 5 |  5.0
Fighting       | 4 5 |  5.0
Slings         | 4 5 6 |  6.6
Maces & Flails | |  3.6
Armour         | |  2.4

Action                   |  1- 3 |  4- 6 |  7- 9 || total
-------------------------+-------+-------+-------++-------
Melee: Mace              |    43 |    10 |       ||    53
       Headbutt          |     7 |    11 |     3 ||    21
       Halberd           |       |    64 |    24 ||    88
 Fire: Hunting sling     |    42 |    32 |     7 ||    81
Throw: Stone             |     8 |     2 |     1 ||    11
Invok: Berserk           |       |     1 |       ||     1
  Use: Scroll            |     1 |     1 |       ||     2
  Eat: Chunk             |     2 |     5 |       ||     7
Armor: Animal skin       |     6 |       |       ||     6
       Ring mail         |     4 |    14 |       ||    18
       Scale mail        |       |     9 |       ||     9
       Chain mail        |       |     1 |    16 ||    17
Dodge: Dodged            |    31 |    48 |    20 ||    99
